 Dungeon Crawl Stone Soup version 0.31.0-12-g77e489cdc1 (webtiles) character file.

Game seed: 10111217553273365416

212 lordive the Ruffian (level 5, -1/38 HPs)
             Began as a Merfolk Shapeshifter on Feb 29, 2024.
             Was an Initiate of Okawaru.
             Slain by an iguana (3 damage)
             ... on level 4 of the Dungeon.
             The game lasted 00:06:30 (3040 turns).

lordive the Ruffian (Merfolk Shapeshifter)          Turns: 3040, Time: 00:06:30

Health: -1/38      AC:  5    Str: 17    XL:     5   Next: 90%
Magic:  5/5        EV: 12    Int: 11    God:    Okawaru [......]
Gold:   178        SH:  0    Dex: 13    Spells: 4/4 levels left

rFire   . .          .
                       - Unarmed
rCold   . . .        (no shield)
rNeg    + . .        s - +2 leather armour of the Heavens {rPois Str+2}
rPois   +            f - melded +0 helmet
rElec   .            (cloak currently unavailable)
rCorr   .            (gloves currently unavailable)
SInv    .            (boots currently unavailable)
Will    .....        (no amulet)
Stlth   +            o - ring of positive energy
HPRegen 0.26/turn    (no ring)
MPRegen 0.09/turn

%: no passive effects
@: beast-form
A: beast (slay +2), (nimble swimmer 2), mertail
a: Begin Untransformation, Renounce Religion


You were on level 4 of the Dungeon.
You worshipped Okawaru.
Okawaru was noncommittal.
You were a hulking beast.
You visited 2 branches of the dungeon, and saw 5 of its levels.

You collected 178 gold pieces.

Inventory:

Missiles
 t - 11 poisoned darts (quivered)
Armour
 f - a +0 helmet (melded)
 s - the +2 leather armour of the Heavens (worn) {rPois Str+2}
   (You found it on level 3 of the Dungeon)

   Str+2:     It affects your strength (+2).
   rPois:     It protects you from poison
 v - a +2 leather armour of fire resistance
Jewellery
 o - a ring of positive energy (left hand)
Talismans
 c - a beast talisman (active)
 d - a flux talisman
Scrolls
 a - a scroll of enchant armour {unknown}
 g - a scroll of blinking {unknown}
 j - a scroll of poison {unknown}
 k - a scroll of enchant weapon {unknown}
 m - a scroll of immolation {unknown}
 p - a scroll of identify {unknown}
 r - a scroll of vulnerability {unknown}
 u - a scroll of fear {unknown}
 x - a scroll of brand weapon {unknown}
Potions
 b - 2 potions of lignification
 e - a potion of curing {unknown}
 h - a potion of ambrosia {unknown}
 i - 2 potions of heal wounds {unknown}
 l - a potion of attraction {unknown}
 n - 2 potions of cancellation {unknown}
 q - a potion of brilliance {unknown}
 w - a potion of enlightenment {unknown}


   Skills:
 + Level 1.6 Fighting
 + Level 0.5 Armour
 + Level 3.5 Dodging
 + Level 5.6 Unarmed Combat
 + Level 5.2 Shapeshifting


You had 4 spell levels left.
You didn't know any spells.
Your spell library contained the following spells:

 Spells                   Type           Power      Damage    Failure   Level
 Magic Dart               Conj           0%         1d3       38%         1
 Blink                    Tloc           0%         N/A       54%         2
 Volatile Blastmotes      Fire/Tloc      0%         2d10      77%         3
 Fulminant Prism          Conj/Alch      0%         3d5       99%         4
 Iskenderun's Mystic Bla  Conj/Tloc      0%         2d3       99%         4
 Call Imp                 Summ           Unusable   N/A       N/A         2

Dungeon Overview and Level Annotations

Branches:
Dungeon (4/15)             Temple (1/1) D:4

Altars:
Ashenzari
Fedhas
Hepliaklqana
Makhleb
Okawaru
Ru
Trog
Uskayaw

Shops:
D:1 *


Innate Abilities, Weirdness & Mutations

You are a hulking beast.
Your limbs bulge with bestial killing power. (Slay +2)
((You are very nimble when in or above water. (Stealth+, EV+, Speed+++)))
Your lower body shifts to a powerful aquatic tail in water.


Message History

There is an open door, spattered with blood here.
Things that are here:
a +0 flail; a +0 leather armour You are too injured to fight recklessly!
You are too injured to fight recklessly!
You are too injured to fight recklessly!
You are too injured to fight recklessly!
You are too injured to fight recklessly!
You are too injured to fight recklessly!
You are too injured to fight recklessly!
You are too injured to fight recklessly!
You are too injured to fight recklessly!
You are too injured to fight recklessly!
You are too injured to fight recklessly!
You are too injured to fight recklessly!
You are too injured to fight recklessly!
You are too injured to fight recklessly!
You are too injured to fight recklessly!
You are too injured to fight recklessly!
You are too injured to fight recklessly!
You are too injured to fight recklessly!
You are too injured to fight recklessly!
You are too injured to fight recklessly!
You are too injured to fight recklessly!
The iguana attacks as it pursues you! The iguana bites you!
* * * LOW HITPOINT WARNING * * *
You hit the iguana but do no damage.
The iguana is heavily wounded.
The iguana closely misses you.
You punch the iguana!
The iguana is almost dead.
The iguana bites you!
* * * LOW HITPOINT WARNING * * *
You hit the iguana.
The iguana is almost dead.
The iguana misses you.
You hit the iguana but do no damage.
The iguana is almost dead.
The iguana bites you.
You die...

'.....# #.....#
#####.....# ..
#.........# ...
#.........# ....#
#.........#
#....##+#.........#
###.............h.#
>.#......##'####l######.#
..#......#....#o.g.......
..#......#....#..........
..#......#######...####.#
..'............#...#
..#............#.....
..#............#......
..#.......^....#...?...o


You could see an iguana, an orc priest and a goblin.

Vanquished Creatures
  An orc priest (D:3)
  A sleepcap (D:4)
  Terence (D:3)
  An orc wizard (D:4)
  2 adders (D:2)
  2 dart slugs (D:1)
  A ribbon worm (D:2)
  5 orcs
  6 bats
  7 endoplasms
  2 giant cockroaches (D:2)
  9 goblins
  6 hobgoblins
  4 jackals (D:1)
  5 quokkas
  4 ball pythons
  4 frilled lizards
  7 kobolds
  7 rats
75 creatures vanquished.

Notes
Turn   | Place    | Note
-------+----------+-------------------------------------------
     0 | D:1      | lordive the Merfolk Shapeshifter began the quest for the
                  | Orb.
     0 | D:1      | Reached XP level 1. HP: 15/15 MP: 1/1
    79 | D:1      | Reached XP level 2. HP: 18/21 MP: 2/2
    91 | D:1      | Found Musup's Assorted Antiques.
   303 | D:1      | Reached XP level 3. HP: 20/26 MP: 3/3
   826 | D:2      | Reached XP level 4. HP: 31/32 MP: 4/4
  1379 | D:3      | Noticed Terence
  1515 | D:3      | Reached skill level 5 in Shapeshifting
  1753 | D:3      | Reached XP level 5. HP: 37/37 MP: 5/5
  1776 | D:3      | Killed Terence
  1777 | D:3      | Reached skill level 5 in Unarmed Combat
  1947 | D:3      | Identified the +2 leather armour of the Heavens {rPois
                  | Str+2}
  2288 | D:3      | Found a faded altar of an unknown god.
  2707 | D:4      | Found a staircase to the Ecumenical Temple.
  2718 | Temple   | Entered the Ecumenical Temple
  2873 | Temple   | Became a worshipper of Warmaster Okawaru
  3040 | D:4      | Slain by an iguana

Illustrated notes

Levels and vault maps discovered:
D:1:      co_arrival_square_in_a_square_in_a_square, layout_rooms, serial_shops,
          shop, hangedman_decor_points
D:2:      kennysheep_big_flooded_room, layout_loops_ring, grunt_decor_resistance
D:3:      layout_rooms, basic_ecumenical_altar, uniq_terence
D:4:      layout_gridville, minmay_temple_entry_butterflies, minmay_statues_item
Temple:   nicolae_temple_colour_theory

Skill      XL: |  1  2  3  4  5 |
---------------+----------------+-----
Unarmed Combat | 4 5 |  5.6
Dodging        | 3 |  3.5
Shapeshifting  | 5 |  5.2
Fighting       | |  1.6
Armour         | |  0.5

Action                     |  1- 3 |  4- 6 || total
---------------------------+-------+-------++-------
  Melee: Unarmed           |   100 |    96 ||   196
         Punch             |       |     3 ||     3
Ability: Begin Untransform |       |     1 ||     1
   Stab: Sleeping          |     1 |       ||     1
 Armour: Animal skin       |    43 |    17 ||    60
         Leather armour    |       |    35 ||    35
         Ring mail         |       |     6 ||     6
  Dodge: Dodged            |    54 |    62 ||   116
   Form: Beast             |       |     1 ||     1
